COLORADO Avalanche vs DALLAS Stars (R4)

Created - 20 février 2024 at 18:11

Goals
1 2 3 T
COLORADO Avalanche 0 0 2 2
DALLAS Stars 1 2 1 4
Shots
1 2 3 T
COLORADO Avalanche 9 8 13 30
DALLAS Stars 11 8 11 30

1st period

1. DALLAS Stars , Sonny Milano 4 (Alexander Radulov 3, Peyton Krebs 12) at 8:02 (PP)

Penalties :
Tyler Johnson (COL) for Roughing (Minor) at 3:27, Zach Bogosian (COL) for Hooking (Minor) at 7:20, Zach Aston-Reese (COL) for Hooking (Minor) at 9:05, Patrik Nemeth (DAL) for Hooking (Minor) at 11:30, Jordan Eberle (COL) for Cross-checking (Minor) at 12:43, Jeff Skinner (COL) for Tripping (Minor) at 16:05

2nd period

2. DALLAS Stars , Jesperi Kotkaniemi 4 (Viktor Arvidsson 6, Conor Timmins 5) at 6:51 (PP)
3. DALLAS Stars , Viktor Arvidsson 7 (Jesperi Kotkaniemi 5, Juuso Valimaki 3) at 11:25 (PP)

Penalties :
Sonny Milano (DAL) for Slashing (Minor) at 1:26, Jordan Eberle (COL) for Hooking (Minor) at 6:22, Paul Cotter (DAL) for Tripping (Minor) at 7:23, Tyson Barrie (COL) for Holding (Minor) at 10:15, Juuso Valimaki (DAL) for Cross-checking (Minor) at 15:40, David Pastrnak (COL) for Interference (Minor) at 17:28

3rd period

4. COLORADO Avalanche , Nick Foligno 2 (Zach Aston-Reese 2, Oliver Ekman-Larsson 8) at 4:09
5. COLORADO Avalanche , Tyson Barrie 7 (David Pastrnak 8, Jeff Skinner 13) at 12:20 (PP)
6. DALLAS Stars , Ryan Suter 3 (Cal Clutterbuck 3) at 19:55 (Empty Net)

Penalties :
Zach Bogosian (COL) for High sticking (Minor) at 1:06, Jake DeBrusk (COL) for Roughing (Minor) at 1:53, Peyton Krebs (DAL) for Hooking (Minor) at 8:02, Brendan Gallagher (DAL) for Slashing (Minor) at 10:50

Goalie Stats

Jonathan Quick (COL), 26 saves from 29 shots - (0,897), L, 7-6-2, 59:17 minutes
Carter Hart (DAL), 28 saves from 30 shots - (0,933), W, 8-6-0, 60:00 minutes

Players Stats for COLORADO Avalanche

Player Name              G  A  P  +/- PIM S  H  SB GA TA FO     MP     PP MP  PK MP  
------------------------------------------------------------------------------------
Alex Iafallo             0  0  0  -1  0   1  0  0  0  0  1/1     6:06   0:00   1:39 
Craig Smith              0  0  0  -1  0   1  3  0  0  0  6/19   14:53   4:33   0:00 
David Pastrnak           0  1  1   0  2   6  0  0  0  0  15/24  23:46   5:54   8:18 
Jake DeBrusk             0  0  0   0  2   6  2  0  0  0  0/0    18:59   4:33   3:42 
Jason Zucker             0  0  0   1  0   2  1  0  0  0  2/3    11:21   0:00   0:00 
Jeff Skinner             0  1  1   0  2   4  0  2  0  0  2/2    22:44   5:55   7:05 
Jordan Eberle            0  0  0   0  4   2  1  0  0  0  1/3    18:11   4:32   3:13 
Jordie Benn              0  0  0   0  0   0  2  0  0  0  0/0    11:50   0:00   0:00 
Kris Russell             0  0  0   0  0   0  1  0  0  0  0/0    14:54   0:00   3:04 
Mark Pysyk               0  0  0  -1  0   0  1  1  0  0  0/0    22:02   5:14   6:48 
Nick Foligno             1  0  1   1  0   1  2  0  0  0  5/10   13:15   0:00   2:22 
Oliver Ekman-Larsson     0  1  1   0  0   1  3  5  0  0  0/0    25:49   5:14   7:05 
Tomas Nosek              0  0  0  -1  0   1  1  0  0  0  2/6     5:05   0:00   0:38 
Trevor Zegras            0  0  0   0  0   1  1  0  0  0  10/17  15:00   5:55   0:00 
Tyler Johnson            0  0  0   0  2   0  0  0  0  0  0/0     4:11   0:00   0:00 
Tyson Barrie             1  0  1   1  2   3  4  4  0  0  0/0    24:36   5:14   6:08 
Zach Aston-Reese         0  1  1   1  2   1  0  0  0  0  0/0    10:52   0:00   0:00 
Zach Bogosian            0  0  0   0  4   0  3  2  0  0  0/0    20:02   5:14   5:05 

Players Stats for DALLAS Stars

Player Name              G  A  P  +/- PIM S  H  SB GA TA FO     MP     PP MP  PK MP  
------------------------------------------------------------------------------------
Alexander Radulov        0  1  1   0  0   2  0  0  0  0  2/3    15:33   6:10   2:55 
Aliaksei Protas          0  0  0   1  0   0  0  0  0  0  1/1    12:57   0:00   6:14 
Andreas Johnsson         0  0  0  -1  0   0  0  0  0  0  2/2     7:41   0:00   0:00 
Brendan Gallagher        0  0  0   0  2   0  0  0  0  0  0/0    12:22   0:44   2:34 
Cal Clutterbuck          0  1  1   0  0   1  1  0  0  0  0/0     7:56   0:00   0:00 
Conor Timmins            0  1  1  -1  0   1  4  1  0  0  0/0    23:55   6:56   5:01 
Emil Bemstrom            0  0  0   0  0   2  0  0  0  0  0/1    17:58   6:54   1:02 
Jesperi Kotkaniemi       1  1  2   0  0   7  3  0  0  0  10/17  17:13   7:11   0:00 
Juuso Valimaki           0  1  1   0  2   3  5  1  0  0  0/0    23:36   7:09   4:07 
Marc-Edouard Vlasic      0  0  0   0  0   0  3  5  0  0  0/0    17:41   0:00   5:11 
Nicklas Backstrom        0  0  0   0  0   1  0  0  0  0  6/15   14:31   7:11   0:52 
Patrik Nemeth            0  0  0   0  2   1  1  1  0  0  0/0    12:03   0:00   1:22 
Paul Cotter              0  0  0   0  2   0  0  0  0  0  9/17   12:59   0:00   5:04 
Peyton Krebs             0  1  1   0  2   1  5  0  0  0  11/24  17:54   6:54   0:00 
Ryan Suter               1  0  1   1  0   5  1  0  0  0  0/0    20:23   7:09   0:00 
Sean Walker              0  0  0   0  0   1  0  3  0  0  0/0    16:10   0:46   5:15 
Sonny Milano             1  0  1   0  2   2  1  0  0  0  0/4    20:09   6:54   2:15 
Viktor Arvidsson         1  1  2   0  0   3  1  0  0  0  0/1    17:28   6:27   0:00 

3 Stars

1 - Jesperi Kotkaniemi (DAL)
2 - Viktor Arvidsson (DAL)
3 - Ryan Suter (DAL)

Power Play

COLORADO Avalanche - 1 on 6 Attempt(s) - 16,67%
DALLAS Stars - 3 on 10 Attempt(s) - 30,00%

Penalty Kill

COLORADO Avalanche - 7 on 10 Attempt(s) - 70,00% - Score 0 goal in Penalty Kill
DALLAS Stars - 5 on 6 Attempt(s) - 83,33% - Score 0 goal in Penalty Kill

Team Stat

COLORADO Avalanche - Hits : 25 - Faceoff Wins : 44 - Blocked Shots : 14 - Penalty Minutes : 20
DALLAS Stars - Hits : 25 - Faceoff Wins : 41 - Blocked Shots : 11 - Penalty Minutes : 12

Official

Referees : Jacqueline Howard and Justin St. Pierre
Linesman : Steve Barton and Brandon Gawryletz

Game Notes

Ryan Suter has scored in a empty net!

Finance

Level 1 -- Attendance: 3944 (60,68%) -- Ticket Income $473,280
Level 2 -- Attendance: 3595 (59,92%) -- Ticket Income $244,460
Level 3 -- Attendance: 2022 (50,55%) -- Ticket Income $68,748
Level 4 -- Attendance: 2419 (53,76%) -- Ticket Income $72,570
Luxury Box -- Attendance: 663 (66,30%) -- Ticket Income $145,860
Game was played at the American Airlines Center.
Total Attendance: 12643 (57,47%)
Total Ticket Income: $1,004,918
Other Income: $251,230
Total Income: $1,256,148

COLORADO Avalanche

5 vs 5 Forward 
   Center                   Left Wing                Right Wing               Time % Phy DF OF 
 1 Trevor Zegras            Jeff Skinner             David Pastrnak           40     1   2  2  
 2 Craig Smith              Jake DeBrusk             Jordan Eberle            30     1   2  2  
 3 Nick Foligno             Jason Zucker             Zach Aston-Reese         20     1   2  2  
 4 Tomas Nosek              Alex Iafallo             Tyler Johnson            10     1   2  2  

5 vs 5 Defense 
   Defense                  Defense                                           Time % Phy DF OF 
 1 Tyson Barrie             Oliver Ekman-Larsson                              40     1   2  2  
 2 Zach Bogosian            Mark Pysyk                                        30     1   2  2  
 3 Jordie Benn              Kris Russell                                      20     1   2  2  
 4 Tyson Barrie             Oliver Ekman-Larsson                              10     1   2  2  

PowerPlay Forward 
   Center                   Left Wing                Right Wing               Time % Phy DF OF 
 1 Trevor Zegras            Jeff Skinner             David Pastrnak           60     1   2  2  
 2 Craig Smith              Jake DeBrusk             Jordan Eberle            40     1   2  2  

PowerPlay Defense
   Defense                  Defense                                           Time % Phy DF OF 
 1 Tyson Barrie             Oliver Ekman-Larsson                              60     1   2  2  
 2 Zach Bogosian            Mark Pysyk                                        40     1   2  2  

Penalty Kill 4 Players Forward 
   Center                   Wing                     Time % Phy DF OF 
 1 David Pastrnak           Jeff Skinner             60     1   2  2  
 2 Jordan Eberle            Jake DeBrusk             40     1   2  2  

Penalty Kill 4 Players Defense
   Defense                  Defense                  Time % Phy DF OF 
 1 Tyson Barrie             Oliver Ekman-Larsson     60     1   2  2  
 2 Zach Bogosian            Mark Pysyk               40     1   2  2  

Penalty Kill - 3 Players Forward 
   Forward                                           Time % Phy DF OF 
 1 David Pastrnak                                    60     1   2  2  
 2 Jeff Skinner                                      40     1   2  2  

Penalty Kill - 3 Players Defense
   Defense                  Defense                  Time % Phy DF OF 
 1 Tyson Barrie             Oliver Ekman-Larsson     60     1   2  2  
 2 Zach Bogosian            Mark Pysyk               40     1   2  2  

4 vs 4 Forward 
   Center                   Wing                     Time % Phy DF OF 
 1 David Pastrnak           Jeff Skinner             60     1   2  2  
 2 Jordan Eberle            Jake DeBrusk             40     1   2  2  

4 vs 4 Defense
   Defense                  Defense                  Time % Phy DF OF 
 1 Tyson Barrie             Oliver Ekman-Larsson     60     1   2  2  
 2 Zach Bogosian            Mark Pysyk               40     1   2  2  

Last Minutes Offensive
   Center                   Left Wing                Right Wing               Defense                  Defense                  
   Trevor Zegras            Jeff Skinner             David Pastrnak           Tyson Barrie             Oliver Ekman-Larsson     

Last Minutes Defensive
   Center                   Left Wing                Right Wing               Defense                  Defense                  
   Trevor Zegras            Jeff Skinner             David Pastrnak           Tyson Barrie             Oliver Ekman-Larsson     

Goaltenders
Starting : Jonathan Quick           
Backup : Magnus Hellberg          

Extra Forwards
Normal : Jason Zucker, Alex Iafallo, Nick Foligno - PP : Jason Zucker, Alex Iafallo - PK : Nick Foligno
Extra Defensemen
Normal : Jordie Benn, Kris Russell, Zach Bogosian - PP : Jordie Benn - PK : Kris Russell, Zach Bogosian
Penalty Shots
David Pastrnak, Jeff Skinner, Jordan Eberle, Jake DeBrusk, Jason Zucker

Scratches
None

DALLAS Stars

5 vs 5 Forward 
   Center                   Left Wing                Right Wing               Time % Phy DF OF 
 1 Peyton Krebs             Viktor Arvidsson         Sonny Milano             35     1   2  2  
 2 Jesperi Kotkaniemi       Emil Bemstrom            Brendan Gallagher        30     1   2  2  
 3 Nicklas Backstrom        Alexander Radulov        Aliaksei Protas          20     1   2  2  
 4 Paul Cotter              Andreas Johnsson         Cal Clutterbuck          15     1   2  2  

5 vs 5 Defense 
   Defense                  Defense                                           Time % Phy DF OF 
 1 Juuso Valimaki           Ryan Suter                                        40     1   1  3  
 2 Marc-Edouard Vlasic      Conor Timmins                                     30     1   2  2  
 3 Sean Walker              Patrik Nemeth                                     20     2   2  1  
 4 Conor Timmins            Marc-Edouard Vlasic                               10     1   2  2  

PowerPlay Forward 
   Center                   Left Wing                Right Wing               Time % Phy DF OF 
 1 Nicklas Backstrom        Viktor Arvidsson         Jesperi Kotkaniemi       60     1   2  2  
 2 Peyton Krebs             Sonny Milano             Emil Bemstrom            40     1   2  2  

PowerPlay Defense
   Defense                  Defense                                           Time % Phy DF OF 
 1 Juuso Valimaki           Ryan Suter                                        60     1   2  2  
 2 Alexander Radulov        Conor Timmins                                     40     1   1  3  

Penalty Kill 4 Players Forward 
   Center                   Wing                     Time % Phy DF OF 
 1 Paul Cotter              Aliaksei Protas          60     1   2  2  
 2 Sonny Milano             Brendan Gallagher        40     1   2  2  

Penalty Kill 4 Players Defense
   Defense                  Defense                  Time % Phy DF OF 
 1 Marc-Edouard Vlasic      Sean Walker              60     1   2  2  
 2 Conor Timmins            Juuso Valimaki           40     1   2  2  

Penalty Kill - 3 Players Forward 
   Forward                                           Time % Phy DF OF 
 1 Paul Cotter                                       60     1   2  2  
 2 Cal Clutterbuck                                   40     1   2  2  

Penalty Kill - 3 Players Defense
   Defense                  Defense                  Time % Phy DF OF 
 1 Marc-Edouard Vlasic      Ryan Suter               60     1   2  2  
 2 Sean Walker              Juuso Valimaki           40     1   2  2  

4 vs 4 Forward 
   Center                   Wing                     Time % Phy DF OF 
 1 Jesperi Kotkaniemi       Emil Bemstrom            60     1   2  2  
 2 Peyton Krebs             Brendan Gallagher        40     1   2  2  

4 vs 4 Defense
   Defense                  Defense                  Time % Phy DF OF 
 1 Marc-Edouard Vlasic      Juuso Valimaki           60     1   2  2  
 2 Conor Timmins            Ryan Suter               40     1   2  2  

Last Minutes Offensive
   Center                   Left Wing                Right Wing               Defense                  Defense                  
   Peyton Krebs             Jesperi Kotkaniemi       Brendan Gallagher        Conor Timmins            Juuso Valimaki           

Last Minutes Defensive
   Center                   Left Wing                Right Wing               Defense                  Defense                  
   Paul Cotter              Aliaksei Protas          Cal Clutterbuck          Marc-Edouard Vlasic      Ryan Suter               

Goaltenders
Starting : Carter Hart              
Backup : Matthew Villalta         

Extra Forwards
Normal : Brendan Gallagher, Peyton Krebs, Alexander Radulov - PP : Brendan Gallagher, Peyton Krebs - PK : Alexander Radulov
Extra Defensemen
Normal : Sean Walker, Juuso Valimaki, Conor Timmins - PP : Sean Walker - PK : Juuso Valimaki, Conor Timmins
Penalty Shots
Viktor Arvidsson, Jesperi Kotkaniemi, Sonny Milano, Nicklas Backstrom, Peyton Krebs

Scratches
Zach Senyshyn (Healthy)

% Time on Ice - COLORADO Avalanche

Lines # - Real PCT - Wanted PCT - Time Play
Normal Forward
1 - 27% - 40% - 9:05
2 - 30% - 30% - 10:05
3 - 32% - 20% - 10:53
4 - 11% - 10% - 3:50
Normal Defense
1 - 37% - 40% - 12:35
2 - 28% - 30% - 9:28
3 - 35% - 20% - 11:50
4 - 0% - 10% - 0:00
PP Forward
1 - 57% - 60% - 5:55
2 - 43% - 40% - 4:33
PP Defense
1 - 50% - 60% - 5:14
2 - 50% - 40% - 5:14
PK Forward
1 - 70% - 60% - 8:58
2 - 30% - 40% - 3:55
PK Defense
1 - 51% - 60% - 6:34
2 - 49% - 40% - 6:19
PK3 Forward
1 - 75% - 60% - 0:54
2 - 25% - 40% - 0:18
PK3 Defense
1 - 56% - 60% - 0:40
2 - 44% - 40% - 0:32
44 Forward
1 - 70% - 60% - 0:40
2 - 30% - 40% - 0:17
44 Defense
1 - 70% - 60% - 0:40
2 - 30% - 40% - 0:17
Last Minute Offensive  - 0:37
Last Minute Defensive  - 0:00
Total
Forward - 60:00
Defense - 60:00

% Time on Ice - DALLAS Stars

Lines # - Real PCT - Wanted PCT - Time Play
Normal Forward
1 - 32% - 35% - 11:01
2 - 27% - 30% - 9:05
3 - 19% - 20% - 6:28
4 - 22% - 15% - 7:41
Normal Defense
1 - 37% - 40% - 12:39
2 - 31% - 30% - 10:41
3 - 29% - 20% - 9:58
4 - 3% - 10% - 0:57
PP Forward
1 - 51% - 60% - 7:11
2 - 49% - 40% - 6:54
PP Defense
1 - 51% - 60% - 7:09
2 - 49% - 40% - 6:56
PK Forward
1 - 71% - 60% - 7:28
2 - 29% - 40% - 3:00
PK Defense
1 - 52% - 60% - 5:27
2 - 48% - 40% - 5:01
PK3 Forward
1 - 0% - 60%
2 - 0% - 40%
PK3 Defense
1 - 0% - 60%
2 - 0% - 40%
44 Forward
1 - 100% - 60% - 0:57
2 - 0% - 40% - 0:00
44 Defense
1 - 65% - 60% - 0:37
2 - 35% - 40% - 0:20
Last Minute Offensive  - 0:00
Last Minute Defensive  - 0:15
Total
Forward - 60:00
Defense - 60:00

Play-by-Play

1st period


0:01 of 1st period - David Pastrnak wins face-off versus Viktor Arvidsson in neutral zone.
0:08 of 1st period - Shot by David Pastrnak.
0:08 of 1st period - Stopped by Carter Hart without a rebound.
0:09 of 1st period - Jesperi Kotkaniemi wins face-off versus Craig Smith in DALLAS Stars zone.
0:09 of 1st period - Jesperi Kotkaniemi is hit by Craig Smith.
0:23 of 1st period - Shot by Brendan Gallagher.
0:23 of 1st period - Deflect By Jesperi Kotkaniemi.
0:23 of 1st period - Shot Misses the Net.
0:25 of 1st period - Shot by Emil Bemstrom.
0:25 of 1st period - Shot Misses the Net.
0:42 of 1st period - Shot by Emil Bemstrom.
0:42 of 1st period - Shot Misses the Net.
1:28 of 1st period - Shot by Alexander Radulov.
1:28 of 1st period - Shot Misses the Net.
1:35 of 1st period - Jake DeBrusk is hit by Juuso Valimaki.
2:20 of 1st period - Shot by Jeff Skinner.
2:20 of 1st period - Shot Blocked by Sean Walker.
2:22 of 1st period - Shot by David Pastrnak.
2:22 of 1st period - Stopped by Carter Hart without a rebound.
2:23 of 1st period - Paul Cotter wins face-off versus Nick Foligno in DALLAS Stars zone.
2:25 of 1st period - Andreas Johnsson is hit by Nick Foligno and loses puck.
3:27 of 1st period - Minor Penalty to Tyler Johnson for Roughing.
3:28 of 1st period - Nicklas Backstrom wins face-off versus David Pastrnak in COLORADO Avalanche zone.
3:50 of 1st period - Shot by Viktor Arvidsson.
3:50 of 1st period - Stopped by Jonathan Quick without a rebound.
3:51 of 1st period - Peyton Krebs wins face-off versus David Pastrnak in COLORADO Avalanche zone.
3:58 of 1st period - Shot by Juuso Valimaki.
3:58 of 1st period - Stopped by Jonathan Quick with a rebound.
4:52 of 1st period - Shot by Jesperi Kotkaniemi.
4:52 of 1st period - Shot Blocked by Zach Bogosian.
4:54 of 1st period - Shot by Jesperi Kotkaniemi.
4:54 of 1st period - Deflect By Viktor Arvidsson.
4:54 of 1st period - Shot Blocked by Zach Bogosian.
4:56 of 1st period - Shot by Alexander Radulov.
4:56 of 1st period - Stopped by Jonathan Quick with a rebound.
5:02 of 1st period - Shot by Viktor Arvidsson.
5:02 of 1st period - Shot Misses the Net.
5:16 of 1st period - Shot by Nicklas Backstrom.
5:16 of 1st period - Stopped by Jonathan Quick without a rebound.
5:17 of 1st period - Jordan Eberle wins face-off versus Peyton Krebs in COLORADO Avalanche zone.
5:33 of 1st period - Off-side.
5:34 of 1st period - Jason Zucker wins face-off versus Paul Cotter in neutral zone.
6:07 of 1st period - Shot by Zach Aston-Reese.
6:07 of 1st period - Stopped by Carter Hart without a rebound.
6:08 of 1st period - Craig Smith wins face-off versus Peyton Krebs in DALLAS Stars zone.
6:09 of 1st period - Shot by Jake DeBrusk.
6:09 of 1st period - Stopped by Carter Hart with a rebound.
6:21 of 1st period - Shot by Viktor Arvidsson.
6:21 of 1st period - Shot Blocked by Tyson Barrie.
6:23 of 1st period - Shot by Marc-Edouard Vlasic.
6:23 of 1st period - Shot Misses the Net.
6:35 of 1st period - Shot by Sonny Milano.
6:35 of 1st period - Shot Misses the Net.
7:20 of 1st period - Minor Penalty to Zach Bogosian for Hooking.
7:21 of 1st period - Nicklas Backstrom wins face-off versus David Pastrnak in COLORADO Avalanche zone.
7:34 of 1st period - Shot by Ryan Suter.
7:34 of 1st period - Stopped by Jonathan Quick without a rebound.
7:35 of 1st period - David Pastrnak wins face-off versus Peyton Krebs in COLORADO Avalanche zone.
7:37 of 1st period - Jeff Skinner is hit by Peyton Krebs and loses puck.
7:56 of 1st period - Shot by Peyton Krebs.
7:56 of 1st period - Shot Blocked by Jeff Skinner.
7:58 of 1st period - Shot by Sonny Milano.
7:58 of 1st period - Stopped by Jonathan Quick with a rebound.
8:00 of 1st period - Shot by Alexander Radulov.
8:00 of 1st period - Shot Blocked by Mark Pysyk.
8:02 of 1st period - Shot by Sonny Milano.
8:02 of 1st period - Goal by Sonny Milano - COLORADO Avalanche : 0 - DALLAS Stars : 1.
8:03 of 1st period - Paul Cotter wins face-off versus Tomas Nosek in neutral zone.
8:03 of 1st period - Paul Cotter is hit by Tomas Nosek.
8:10 of 1st period - Andreas Johnsson is hit by Oliver Ekman-Larsson and loses puck.
8:30 of 1st period - Off-side.
8:31 of 1st period - Jesperi Kotkaniemi wins face-off versus Nick Foligno in neutral zone.
8:53 of 1st period - Shot by Jesperi Kotkaniemi.
8:53 of 1st period - Shot Misses the Net.
9:01 of 1st period - Jesperi Kotkaniemi is hit by Jason Zucker and loses puck.
9:05 of 1st period - Minor Penalty to Zach Aston-Reese for Hooking.
9:06 of 1st period - David Pastrnak wins face-off versus Nicklas Backstrom in COLORADO Avalanche zone.
9:06 of 1st period - David Pastrnak is hit by Jesperi Kotkaniemi.
9:18 of 1st period - Shot by Juuso Valimaki.
9:18 of 1st period - Shot Blocked by Oliver Ekman-Larsson.
9:20 of 1st period - Shot by Juuso Valimaki.
9:20 of 1st period - Stopped by Jonathan Quick without a rebound.
9:21 of 1st period - David Pastrnak wins face-off versus Sonny Milano in COLORADO Avalanche zone.
9:29 of 1st period - Off-side.
9:30 of 1st period - Peyton Krebs wins face-off versus David Pastrnak in neutral zone.
9:42 of 1st period - Icing by Peyton Krebs.
9:43 of 1st period - David Pastrnak wins face-off versus Peyton Krebs in DALLAS Stars zone.
11:12 of 1st period - Shot by Paul Cotter.
11:12 of 1st period - Deflect By Cal Clutterbuck.
11:12 of 1st period - Stopped by Jonathan Quick without a rebound.
11:13 of 1st period - Andreas Johnsson wins face-off versus Trevor Zegras in COLORADO Avalanche zone.
11:30 of 1st period - Minor Penalty to Patrik Nemeth for Hooking.
11:31 of 1st period - Paul Cotter wins face-off versus Craig Smith in DALLAS Stars zone.
11:42 of 1st period - Shot by Oliver Ekman-Larsson.
11:42 of 1st period - Stopped by Carter Hart without a rebound.
11:43 of 1st period - Trevor Zegras wins face-off versus Paul Cotter in DALLAS Stars zone.
12:20 of 1st period - Shot by David Pastrnak.
12:20 of 1st period - Stopped by Carter Hart with a rebound.
12:22 of 1st period - Shot by Jeff Skinner.
12:22 of 1st period - Shot Misses the Net.
12:43 of 1st period - Minor Penalty to Jordan Eberle for Cross-checking.
12:44 of 1st period - David Pastrnak wins face-off versus Jesperi Kotkaniemi in COLORADO Avalanche zone.
12:46 of 1st period - Icing by Jeff Skinner.
12:47 of 1st period - David Pastrnak wins face-off versus Jesperi Kotkaniemi in COLORADO Avalanche zone.
13:04 of 1st period - Shot by Tyson Barrie.
13:04 of 1st period - Shot Blocked by Marc-Edouard Vlasic.
13:06 of 1st period - Shot by David Pastrnak.
13:06 of 1st period - Shot Misses the Net.
13:12 of 1st period - Shot by Jeff Skinner.
13:12 of 1st period - Deflect By David Pastrnak.
13:12 of 1st period - Stopped by Carter Hart without a rebound.
13:13 of 1st period - Jason Zucker wins face-off versus Jesperi Kotkaniemi in DALLAS Stars zone.
13:23 of 1st period - Zach Bogosian is hit by Jesperi Kotkaniemi.
13:42 of 1st period - Viktor Arvidsson is hit by Oliver Ekman-Larsson and loses puck.
13:52 of 1st period - Viktor Arvidsson is hit by Tyson Barrie and loses puck.
14:29 of 1st period - Shot by Emil Bemstrom.
14:29 of 1st period - Stopped by Jonathan Quick without a rebound.
14:30 of 1st period - David Pastrnak wins face-off versus Emil Bemstrom in COLORADO Avalanche zone.
14:56 of 1st period - Patrik Nemeth is hit by Kris Russell and loses puck.
15:10 of 1st period - Paul Cotter is hit by Jordie Benn.
15:12 of 1st period - Shot by Patrik Nemeth.
15:12 of 1st period - Shot Misses the Net.
15:14 of 1st period - Shot by Sean Walker.
15:14 of 1st period - Stopped by Jonathan Quick without a rebound.
15:15 of 1st period - Nick Foligno wins face-off versus Nicklas Backstrom in COLORADO Avalanche zone.
16:05 of 1st period - Minor Penalty to Jeff Skinner for Tripping.
16:06 of 1st period - David Pastrnak wins face-off versus Peyton Krebs in COLORADO Avalanche zone.
16:06 of 1st period - David Pastrnak is hit by Peyton Krebs.
16:36 of 1st period - Shot by Peyton Krebs.
16:36 of 1st period - Shot Misses the Net.
16:38 of 1st period - Shot by Peyton Krebs.
16:38 of 1st period - Shot Misses the Net.
17:04 of 1st period - Shot by Jesperi Kotkaniemi.
17:04 of 1st period - Shot Blocked by Oliver Ekman-Larsson.
17:06 of 1st period - Shot by Juuso Valimaki.
17:06 of 1st period - Shot Misses the Net.
17:08 of 1st period - Shot by Jesperi Kotkaniemi.
17:08 of 1st period - Shot Blocked by Oliver Ekman-Larsson.
17:10 of 1st period - Shot by Viktor Arvidsson.
17:10 of 1st period - Shot Blocked by Tyson Barrie.
17:12 of 1st period - Shot by Ryan Suter.
17:12 of 1st period - Shot Misses the Net.
17:50 of 1st period - Icing by Emil Bemstrom.
17:51 of 1st period - Peyton Krebs wins face-off versus David Pastrnak in DALLAS Stars zone.
17:51 of 1st period - Peyton Krebs is hit by Nick Foligno.
18:17 of 1st period - Shot by Tomas Nosek.
18:17 of 1st period - Stopped by Carter Hart without a rebound.
18:18 of 1st period - Craig Smith wins face-off versus Paul Cotter in DALLAS Stars zone.
18:19 of 1st period - Shot by Jake DeBrusk.
18:19 of 1st period - Shot Blocked by Juuso Valimaki.
18:45 of 1st period - Shot by Jordan Eberle.
18:45 of 1st period - Stopped by Carter Hart without a rebound.
18:46 of 1st period - Nicklas Backstrom wins face-off versus Nick Foligno in DALLAS Stars zone.
18:53 of 1st period - Shot by Nicklas Backstrom.
18:53 of 1st period - Shot Misses the Net.
19:12 of 1st period - Zach Aston-Reese is hit by Conor Timmins and loses puck.
19:24 of 1st period - Zach Aston-Reese is hit by Marc-Edouard Vlasic and loses puck.
19:54 of 1st period - Jeff Skinner is hit by Conor Timmins and loses puck.
Goals for this period are 0 for COLORADO Avalanche vs 1 for DALLAS Stars.
Shots for this period are 9 for COLORADO Avalanche vs 11 for DALLAS Stars.

2nd period


0:01 of 2nd period - David Pastrnak wins face-off versus Sonny Milano in neutral zone.
0:27 of 2nd period - Shot by David Pastrnak.
0:27 of 2nd period - Stopped by Carter Hart without a rebound.
0:28 of 2nd period - Craig Smith wins face-off versus Jesperi Kotkaniemi in DALLAS Stars zone.
0:54 of 2nd period - Jesperi Kotkaniemi is hit by Zach Bogosian and loses puck.
1:24 of 2nd period - Icing by David Pastrnak.
1:25 of 2nd period - Trevor Zegras wins face-off versus Peyton Krebs in COLORADO Avalanche zone.
1:25 of 2nd period - Trevor Zegras is hit by Peyton Krebs.
1:26 of 2nd period - Minor Penalty to Sonny Milano for Slashing.
1:27 of 2nd period - Trevor Zegras wins face-off versus Paul Cotter in DALLAS Stars zone.
1:55 of 2nd period - David Pastrnak is hit by Juuso Valimaki and loses puck.
2:07 of 2nd period - Trevor Zegras is hit by Juuso Valimaki and loses puck.
2:26 of 2nd period - Shot by Zach Bogosian.
2:26 of 2nd period - Shot Blocked by Sean Walker.
2:28 of 2nd period - Shot by Mark Pysyk.
2:28 of 2nd period - Shot Misses the Net.
3:31 of 2nd period - Nick Foligno is hit by Juuso Valimaki.
3:39 of 2nd period - Shot by Zach Aston-Reese.
3:39 of 2nd period - Shot Misses the Net.
3:41 of 2nd period - Shot by Jason Zucker.
3:41 of 2nd period - Stopped by Carter Hart without a rebound.
3:42 of 2nd period - Andreas Johnsson wins face-off versus Tomas Nosek in DALLAS Stars zone.
4:04 of 2nd period - Icing by Patrik Nemeth.
4:05 of 2nd period - Paul Cotter wins face-off versus Craig Smith in DALLAS Stars zone.
4:26 of 2nd period - Paul Cotter is hit by Craig Smith and loses puck.
4:41 of 2nd period - Mark Pysyk is hit by Cal Clutterbuck and loses puck.
4:58 of 2nd period - Shot by Viktor Arvidsson.
4:58 of 2nd period - Stopped by Jonathan Quick without a rebound.
4:59 of 2nd period - Jesperi Kotkaniemi wins face-off versus Trevor Zegras in COLORADO Avalanche zone.
4:59 of 2nd period - Brendan Gallagher is hit by Tyson Barrie and loses puck.
5:05 of 2nd period - Jesperi Kotkaniemi is hit by Tyson Barrie and loses puck.
5:10 of 2nd period - Shot by Jesperi Kotkaniemi.
5:10 of 2nd period - Shot Blocked by Jeff Skinner.
5:12 of 2nd period - Shot by Marc-Edouard Vlasic.
5:12 of 2nd period - Shot Blocked by Tyson Barrie.
5:24 of 2nd period - Shot by Jesperi Kotkaniemi.
5:24 of 2nd period - Shot Misses the Net.
5:33 of 2nd period - Off-side.
5:34 of 2nd period - Peyton Krebs wins face-off versus Nick Foligno in neutral zone.
6:09 of 2nd period - Zach Aston-Reese is hit by Sonny Milano.
6:22 of 2nd period - Minor Penalty to Jordan Eberle for Hooking.
6:23 of 2nd period - David Pastrnak wins face-off versus Nicklas Backstrom in COLORADO Avalanche zone.
6:32 of 2nd period - Oliver Ekman-Larsson is hit by Jesperi Kotkaniemi and loses puck.
6:49 of 2nd period - Shot by Viktor Arvidsson.
6:49 of 2nd period - Shot Blocked by Tyson Barrie.
6:51 of 2nd period - Shot by Jesperi Kotkaniemi.
6:51 of 2nd period - Goal by Jesperi Kotkaniemi - COLORADO Avalanche : 0 - DALLAS Stars : 2.
6:52 of 2nd period - Paul Cotter wins face-off versus Craig Smith in neutral zone.
6:52 of 2nd period - Paul Cotter is hit by Jake DeBrusk.
6:55 of 2nd period - Sean Walker is hit by Zach Bogosian and loses puck.
7:23 of 2nd period - Minor Penalty to Paul Cotter for Tripping.
7:24 of 2nd period - Aliaksei Protas wins face-off versus Trevor Zegras in DALLAS Stars zone.
7:40 of 2nd period - David Pastrnak is hit by Conor Timmins and loses puck.
7:44 of 2nd period - David Pastrnak is hit by Conor Timmins and loses puck.
8:05 of 2nd period - Shot by Jeff Skinner.
8:05 of 2nd period - Stopped by Carter Hart without a rebound.
8:06 of 2nd period - Alexander Radulov wins face-off versus Craig Smith in DALLAS Stars zone.
8:06 of 2nd period - Alexander Radulov is hit by Jordan Eberle.
8:17 of 2nd period - Icing by Craig Smith.
8:18 of 2nd period - Alexander Radulov wins face-off versus Craig Smith in COLORADO Avalanche zone.
8:35 of 2nd period - Shot by Jake DeBrusk.
8:35 of 2nd period - Shot Hit the Post.
8:42 of 2nd period - Craig Smith is hit by Marc-Edouard Vlasic and loses puck.
8:51 of 2nd period - Shot by Jake DeBrusk.
8:51 of 2nd period - Stopped by Carter Hart without a rebound.
8:52 of 2nd period - Trevor Zegras wins face-off versus Sonny Milano in DALLAS Stars zone.
9:42 of 2nd period - Shot by Jason Zucker.
9:42 of 2nd period - Stopped by Carter Hart without a rebound.
9:43 of 2nd period - Jesperi Kotkaniemi wins face-off versus Craig Smith in DALLAS Stars zone.
9:58 of 2nd period - Shot by Emil Bemstrom.
9:58 of 2nd period - Stopped by Jonathan Quick without a rebound.
9:59 of 2nd period - Peyton Krebs wins face-off versus Trevor Zegras in COLORADO Avalanche zone.
9:59 of 2nd period - Marc-Edouard Vlasic is hit by Tyson Barrie and loses puck.
10:15 of 2nd period - Minor Penalty to Tyson Barrie for Holding.
10:16 of 2nd period - David Pastrnak wins face-off versus Nicklas Backstrom in COLORADO Avalanche zone.
10:24 of 2nd period - Icing by Ryan Suter.
10:25 of 2nd period - David Pastrnak wins face-off versus Nicklas Backstrom in DALLAS Stars zone.
10:36 of 2nd period - Shot by David Pastrnak.
10:36 of 2nd period - Deflect By Jeff Skinner.
10:36 of 2nd period - Stopped by Carter Hart without a rebound.
10:37 of 2nd period - Jeff Skinner wins face-off versus Peyton Krebs in DALLAS Stars zone.
11:01 of 2nd period - Shot by Alexander Radulov.
11:01 of 2nd period - Stopped by Jonathan Quick without a rebound.
11:02 of 2nd period - Jesperi Kotkaniemi wins face-off versus David Pastrnak in COLORADO Avalanche zone.
11:03 of 2nd period - Shot by Ryan Suter.
11:03 of 2nd period - Stopped by Jonathan Quick without a rebound.
11:04 of 2nd period - David Pastrnak wins face-off versus Nicklas Backstrom in COLORADO Avalanche zone.
11:23 of 2nd period - Shot by Jesperi Kotkaniemi.
11:23 of 2nd period - Shot Misses the Net.
11:25 of 2nd period - Shot by Viktor Arvidsson.
11:25 of 2nd period - Goal by Viktor Arvidsson - COLORADO Avalanche : 0 - DALLAS Stars : 3.
11:26 of 2nd period - Paul Cotter wins face-off versus Craig Smith in neutral zone.
11:28 of 2nd period - Marc-Edouard Vlasic is hit by Zach Bogosian and loses puck.
12:17 of 2nd period - Jake DeBrusk is hit by Viktor Arvidsson and loses puck.
12:46 of 2nd period - Shot by Viktor Arvidsson.
12:46 of 2nd period - Shot Misses the Net.
13:06 of 2nd period - Icing by Ryan Suter.
13:07 of 2nd period - Trevor Zegras wins face-off versus Peyton Krebs in DALLAS Stars zone.
13:56 of 2nd period - Shot by Jesperi Kotkaniemi.
13:56 of 2nd period - Stopped by Jonathan Quick without a rebound.
13:57 of 2nd period - Nick Foligno wins face-off versus Nicklas Backstrom in COLORADO Avalanche zone.
14:48 of 2nd period - Icing by Oliver Ekman-Larsson.
14:49 of 2nd period - Tomas Nosek wins face-off versus Jesperi Kotkaniemi in COLORADO Avalanche zone.
15:38 of 2nd period - Shot by Trevor Zegras.
15:38 of 2nd period - Stopped by Carter Hart without a rebound.
15:39 of 2nd period - Trevor Zegras wins face-off versus Peyton Krebs in DALLAS Stars zone.
15:39 of 2nd period - David Pastrnak is hit by Juuso Valimaki and loses puck.
15:40 of 2nd period - Minor Penalty to Juuso Valimaki for Cross-checking.
15:41 of 2nd period - Paul Cotter wins face-off versus Trevor Zegras in DALLAS Stars zone.
16:12 of 2nd period - Shot by Trevor Zegras.
16:12 of 2nd period - Deflect By Jeff Skinner.
16:12 of 2nd period - Stopped by Carter Hart without a rebound.
16:13 of 2nd period - Craig Smith wins face-off versus Paul Cotter in DALLAS Stars zone.
17:25 of 2nd period - Shot by David Pastrnak.
17:25 of 2nd period - Shot Blocked by Conor Timmins.
17:28 of 2nd period - Minor Penalty to David Pastrnak for Interference.
17:29 of 2nd period - Jesperi Kotkaniemi wins face-off versus Jason Zucker in COLORADO Avalanche zone.
17:33 of 2nd period - Emil Bemstrom is hit by Oliver Ekman-Larsson and loses puck.
18:11 of 2nd period - Shot by Juuso Valimaki.
18:11 of 2nd period - Shot Misses the Net.
19:32 of 2nd period - Shot by Patrik Nemeth.
19:32 of 2nd period - Stopped by Jonathan Quick without a rebound.
19:33 of 2nd period - Paul Cotter wins face-off versus Craig Smith in COLORADO Avalanche zone.
Goals for this period are 0 for COLORADO Avalanche vs 2 for DALLAS Stars.
Shots for this period are 8 for COLORADO Avalanche vs 8 for DALLAS Stars.

3rd period


0:01 of 3rd period - Jeff Skinner wins face-off versus Peyton Krebs in neutral zone.
1:06 of 3rd period - Minor Penalty to Zach Bogosian for High sticking.
1:07 of 3rd period - Nicklas Backstrom wins face-off versus Jordan Eberle in COLORADO Avalanche zone.
1:32 of 3rd period - Shot by Conor Timmins.
1:32 of 3rd period - Stopped by Jonathan Quick with a rebound.
1:34 of 3rd period - Shot by Jesperi Kotkaniemi.
1:34 of 3rd period - Stopped by Jonathan Quick with a rebound.
1:36 of 3rd period - Shot by Jesperi Kotkaniemi.
1:36 of 3rd period - Shot Misses the Net.
1:38 of 3rd period - Shot by Jesperi Kotkaniemi.
1:38 of 3rd period - Stopped by Jonathan Quick without a rebound.
1:39 of 3rd period - Peyton Krebs wins face-off versus Jordan Eberle in COLORADO Avalanche zone.
1:40 of 3rd period - Shot by Ryan Suter.
1:40 of 3rd period - Shot Misses the Net.
1:53 of 3rd period - Minor Penalty to Jake DeBrusk for Roughing.
1:54 of 3rd period - Jesperi Kotkaniemi wins face-off versus David Pastrnak in COLORADO Avalanche zone.
2:32 of 3rd period - Nicklas Backstrom is hit by Mark Pysyk and loses puck.
2:47 of 3rd period - Shot by Juuso Valimaki.
2:47 of 3rd period - Deflect By Sonny Milano.
2:47 of 3rd period - Shot Misses the Net.
2:49 of 3rd period - Shot by Peyton Krebs.
2:49 of 3rd period - Shot Misses the Net.
2:51 of 3rd period - Shot by Ryan Suter.
2:51 of 3rd period - Shot Blocked by Oliver Ekman-Larsson.
2:53 of 3rd period - Shot by Ryan Suter.
2:53 of 3rd period - Shot Misses the Net.
2:55 of 3rd period - Shot by Peyton Krebs.
2:55 of 3rd period - Shot Blocked by Oliver Ekman-Larsson.
2:57 of 3rd period - Shot by Ryan Suter.
2:57 of 3rd period - Shot Misses the Net.
2:59 of 3rd period - Shot by Peyton Krebs.
2:59 of 3rd period - Stopped by Jonathan Quick without a rebound.
3:00 of 3rd period - Peyton Krebs wins face-off versus Nick Foligno in COLORADO Avalanche zone.
3:01 of 3rd period - Shot by Juuso Valimaki.
3:01 of 3rd period - Stopped by Jonathan Quick without a rebound.
3:02 of 3rd period - Peyton Krebs wins face-off versus David Pastrnak in COLORADO Avalanche zone.
3:17 of 3rd period - Shot by Ryan Suter.
3:17 of 3rd period - Stopped by Jonathan Quick without a rebound.
3:18 of 3rd period - Nicklas Backstrom wins face-off versus David Pastrnak in COLORADO Avalanche zone.
3:21 of 3rd period - Shot by Jesperi Kotkaniemi.
3:21 of 3rd period - Stopped by Jonathan Quick without a rebound.
3:22 of 3rd period - David Pastrnak wins face-off versus Jesperi Kotkaniemi in COLORADO Avalanche zone.
4:09 of 3rd period - Shot by Zach Aston-Reese.
4:09 of 3rd period - Deflect By Nick Foligno.
4:09 of 3rd period - Goal by Nick Foligno - COLORADO Avalanche : 1 - DALLAS Stars : 3.
4:10 of 3rd period - Peyton Krebs wins face-off versus Craig Smith in neutral zone.
4:14 of 3rd period - Icing by Kris Russell.
4:15 of 3rd period - Jesperi Kotkaniemi wins face-off versus Craig Smith in COLORADO Avalanche zone.
4:15 of 3rd period - Emil Bemstrom is hit by Jordie Benn and loses puck.
4:20 of 3rd period - Shot by Jesperi Kotkaniemi.
4:20 of 3rd period - Shot Misses the Net.
4:24 of 3rd period - Shot by Marc-Edouard Vlasic.
4:24 of 3rd period - Shot Misses the Net.
4:26 of 3rd period - Shot by Jesperi Kotkaniemi.
4:26 of 3rd period - Stopped by Jonathan Quick without a rebound.
4:27 of 3rd period - Nick Foligno wins face-off versus Peyton Krebs in COLORADO Avalanche zone.
4:27 of 3rd period - Nick Foligno is hit by Peyton Krebs.
5:05 of 3rd period - Icing by Viktor Arvidsson.
5:06 of 3rd period - Trevor Zegras wins face-off versus Peyton Krebs in DALLAS Stars zone.
5:15 of 3rd period - Shot by David Pastrnak.
5:15 of 3rd period - Stopped by Carter Hart without a rebound.
5:16 of 3rd period - Trevor Zegras wins face-off versus Jesperi Kotkaniemi in DALLAS Stars zone.
5:27 of 3rd period - Shot by David Pastrnak.
5:27 of 3rd period - Shot Blocked by Marc-Edouard Vlasic.
5:29 of 3rd period - Shot by Mark Pysyk.
5:29 of 3rd period - Deflect By Jeff Skinner.
5:29 of 3rd period - Stopped by Carter Hart without a rebound.
5:30 of 3rd period - Craig Smith wins face-off versus Alexander Radulov in DALLAS Stars zone.
5:31 of 3rd period - Shot by Jake DeBrusk.
5:31 of 3rd period - Stopped by Carter Hart without a rebound.
5:32 of 3rd period - Jesperi Kotkaniemi wins face-off versus Trevor Zegras in DALLAS Stars zone.
5:55 of 3rd period - Shot by Jeff Skinner.
5:55 of 3rd period - Shot Misses the Net.
6:05 of 3rd period - Shot by Jesperi Kotkaniemi.
6:05 of 3rd period - Stopped by Jonathan Quick with a rebound.
6:41 of 3rd period - Shot by Jake DeBrusk.
6:41 of 3rd period - Stopped by Carter Hart without a rebound.
6:42 of 3rd period - Nick Foligno wins face-off versus Nicklas Backstrom in DALLAS Stars zone.
7:18 of 3rd period - Jason Zucker is hit by Patrik Nemeth and loses puck.
7:43 of 3rd period - Shot by Craig Smith.
7:43 of 3rd period - Shot Misses the Net.
7:46 of 3rd period - Icing by Ryan Suter.
7:47 of 3rd period - Peyton Krebs wins face-off versus Trevor Zegras in DALLAS Stars zone.
7:47 of 3rd period - Peyton Krebs is hit by Trevor Zegras.
8:02 of 3rd period - Minor Penalty to Peyton Krebs for Hooking.
8:03 of 3rd period - Paul Cotter wins face-off versus Craig Smith in DALLAS Stars zone.
8:03 of 3rd period - Paul Cotter is hit by Jake DeBrusk.
8:34 of 3rd period - Shot by Craig Smith.
8:34 of 3rd period - Shot Misses the Net.
8:36 of 3rd period - Shot by Jake DeBrusk.
8:36 of 3rd period - Stopped by Carter Hart with a rebound.
8:44 of 3rd period - Shot by Craig Smith.
8:44 of 3rd period - Shot Misses the Net.
10:38 of 3rd period - Zach Aston-Reese is hit by Peyton Krebs and loses puck.
10:50 of 3rd period - Minor Penalty to Brendan Gallagher for Slashing.
10:51 of 3rd period - Trevor Zegras wins face-off versus Paul Cotter in DALLAS Stars zone.
11:08 of 3rd period - Shot by Jeff Skinner.
11:08 of 3rd period - Shot Blocked by Sean Walker.
11:10 of 3rd period - Shot by Tyson Barrie.
11:10 of 3rd period - Stopped by Carter Hart with a rebound.
11:12 of 3rd period - Shot by Oliver Ekman-Larsson.
11:12 of 3rd period - Shot Misses the Net.
11:14 of 3rd period - Shot by David Pastrnak.
11:14 of 3rd period - Shot Blocked by Marc-Edouard Vlasic.
11:16 of 3rd period - Shot by Tyson Barrie.
11:16 of 3rd period - Stopped by Carter Hart without a rebound.
11:17 of 3rd period - Craig Smith wins face-off versus Paul Cotter in DALLAS Stars zone.
11:18 of 3rd period - Shot by Jake DeBrusk.
11:18 of 3rd period - Stopped by Carter Hart with a rebound.
11:54 of 3rd period - Shot by Craig Smith.
11:54 of 3rd period - Stopped by Carter Hart without a rebound.
11:55 of 3rd period - Trevor Zegras wins face-off versus Sonny Milano in DALLAS Stars zone.
12:16 of 3rd period - Shot by Tyson Barrie.
12:16 of 3rd period - Shot Blocked by Marc-Edouard Vlasic.
12:18 of 3rd period - Shot by David Pastrnak.
12:18 of 3rd period - Shot Blocked by Marc-Edouard Vlasic.
12:20 of 3rd period - Shot by Tyson Barrie.
12:20 of 3rd period - Goal by Tyson Barrie - COLORADO Avalanche : 2 - DALLAS Stars : 3.
12:21 of 3rd period - Tomas Nosek wins face-off versus Nicklas Backstrom in neutral zone.
12:25 of 3rd period - Alex Iafallo is hit by Ryan Suter and loses puck.
12:46 of 3rd period - Icing by Tomas Nosek.
12:47 of 3rd period - Jesperi Kotkaniemi wins face-off versus Tomas Nosek in COLORADO Avalanche zone.
12:58 of 3rd period - Shot by Alex Iafallo.
12:58 of 3rd period - Shot Misses the Net.
13:00 of 3rd period - Shot by Alex Iafallo.
13:00 of 3rd period - Shot Misses the Net.
13:02 of 3rd period - Shot by Tomas Nosek.
13:02 of 3rd period - Shot Misses the Net.
13:11 of 3rd period - Tyler Johnson is hit by Marc-Edouard Vlasic and loses puck.
14:00 of 3rd period - Shot by Ryan Suter.
14:00 of 3rd period - Stopped by Jonathan Quick without a rebound.
14:01 of 3rd period - Nicklas Backstrom wins face-off versus Craig Smith in COLORADO Avalanche zone.
14:18 of 3rd period - Shot by Jake DeBrusk.
14:18 of 3rd period - Shot Blocked by Patrik Nemeth.
14:30 of 3rd period - Shot by Jordan Eberle.
14:30 of 3rd period - Stopped by Carter Hart without a rebound.
14:31 of 3rd period - Nick Foligno wins face-off versus Peyton Krebs in DALLAS Stars zone.
14:52 of 3rd period - Shot by Viktor Arvidsson.
14:52 of 3rd period - Shot Misses the Net.
15:46 of 3rd period - Shot by Marc-Edouard Vlasic.
15:46 of 3rd period - Shot Misses the Net.
16:28 of 3rd period - Shot by Aliaksei Protas.
16:28 of 3rd period - Shot Misses the Net.
18:37 of 3rd period - Jesperi Kotkaniemi is hit by Craig Smith and loses puck.
19:12 of 3rd period - COLORADO Avalanche, Jonathan Quick is pulled from the net.
19:38 of 3rd period - Shot by Alex Iafallo.
19:38 of 3rd period - Shot Misses the Net.
19:40 of 3rd period - Shot by Alex Iafallo.
19:40 of 3rd period - Stopped by Carter Hart without a rebound.
19:41 of 3rd period - Alex Iafallo wins face-off versus Paul Cotter in DALLAS Stars zone.
19:55 of 3rd period - Shot by Ryan Suter.
19:55 of 3rd period - Goal by Ryan Suter - COLORADO Avalanche : 2 - DALLAS Stars : 4.
19:55 of 3rd period - Jonathan Quick from COLORADO Avalanche was sent back in the game.
19:56 of 3rd period - Peyton Krebs wins face-off versus Tomas Nosek in neutral zone.
Goals for this period are 2 for COLORADO Avalanche vs 1 for DALLAS Stars.
Shots for this period are 13 for COLORADO Avalanche vs 11 for DALLAS Stars. Output by the SimonT Hockey Simulator (STHS) for Martin Benoit - Original Page W3C HTML5 Valid
Hockey Simulator - Hockey Simulation - Hockey Manager